cohdb
Replays
Latest Replays
All Replays
Popular Replays
Top Player Replays
Match Explorer
How It Works
Community
CoH3 Stats
Reddit
Sign in to upload your games and track your stats! →
Sign in with Steam
Match 46858767
Unlisted
Match 46858767
Overview
Messages
Build Orders
End
Royal Engineer Section
Construct Section Command Post
Infantry Section
Infantry Section
Infantry Section
Construct Field Infirmary
Construct Platoon Command Post
Unlock M3 Stuart Light Tanks
M3 Stuart Light Tank
Grenade Package
Selects Canadian Shock Battlegroup
Selects Attacking Spirit
Selects Canadian Shock Section
Selects Burnout
Selects Pyrotechnics
Canadian Shock Section
Vickers Machine Gun Team
6-pounder Anti-tank Gun Team
Royal Engineer Section
6-pounder Anti-tank Gun Team
Vickers Machine Gun Team
Selects Churchill Crocodile Heavy Tank
Churchill Crocodile Heavy Tank
Canadian Shock Section
王牌坦克手
Willaguy
0
0
Comments
sign in to comment!
No comments posted yet!